 Dungeon Crawl Stone Soup version 0.16.2-12-gd0ad4c3 (webtiles) character file.

219 Peloso the Covered (level 5, -5/47 HPs)
             Began as a Minotaur Fighter on Oct 3, 2015.
             Slain by an ogre
             ... wielding a +0 giant spiked club
              (15 damage)
             ... on level 4 of the Dungeon.
             The game lasted 00:03:47 (1591 turns).

Peloso the Covered (Minotaur Fighter)               Turns: 1591, Time: 00:03:47

Health: -5/47      AC:  9    Str: 21    XL:     5   Next: 63%
Magic:  2/2        EV:  6    Int:  5    God:
Gold:   73         SH:  9    Dex: 10    Spells: 0 memorised, 4 levels left

rFire  . . .     SeeInvis .     a - +0 long sword
rCold  . . .     Clarity  .     o - +0 chain mail
rNeg   . . .     SustAb   .     c - +0 shield
rPois  .         Gourm    .     (helmet restricted)
rElec  .         Spirit   .     (no cloak)
rCorr  .         Warding  .     (no gloves)
rMut   .         Stasis   .     (no boots)
MR     .....                    (no amulet)
Stlth  ..........               (no ring)
                                (no ring)

@: not resistant to hostile enchantments, extremely unstealthy
A: retaliatory headbutt, horns 2
a: no special abilities


You were on level 4 of the Dungeon.
You were not hungry.

You visited 1 branch of the dungeon, and saw 3 of its levels.

You collected 73 gold pieces.

Inventory:

Hand weapons
 a - a +0 long sword (weapon)
Armour
 b - a +0 scale mail
 c - a +0 shield (worn)
 o - a +0 chain mail (worn)
Scrolls
 g - a scroll of fear {unknown}
 j - a scroll of identify {unknown}
 m - a scroll of magic mapping {unknown}
Potions
 e - a potion of might
 f - a potion of resistance {unknown}
 h - a potion of beneficial mutation {unknown}
 l - a potion of mutation {unknown}
 n - 2 potions of curing {unknown}
Comestibles
 d - 2 bread rations
 i - a meat ration


   Skills:
 + Level 4.6 Fighting
 + Level 4.0 Long Blades
 + Level 5.0 Armour
 + Level 1.0 Dodging
 + Level 0.6 Stealth
 + Level 4.8 Shields


You had 4 spell levels left.
You didn't know any spells.

Dungeon Overview and Level Annotations

Branches:
Dungeon (4/15)
 Temple: D:4-7

Altars:
Kikubaaqudgha


Innate Abilities, Weirdness & Mutations

You reflexively headbutt those who attack you in melee.
You have a pair of horns on your head.


Message History

The ogre is moderately wounded.
The ogre hits you with a giant spiked club!
You closely miss the ogre.
The ogre is moderately wounded.
The ogre barely misses you.
You hit the ogre.
The ogre is moderately wounded.
You block the ogre's attack.
You hit the ogre but do no damage.
The ogre is moderately wounded.
The ogre hits you with a giant spiked club!!
Ouch! That really hurt!
* * * LOW HITPOINT WARNING * * *
You hit the ogre. You headbutt the ogre.
The ogre is heavily wounded.
You block the ogre's attack.
You barely miss the ogre. Your headbutt misses the ogre.
The ogre is heavily wounded.
The ogre hits you with a giant spiked club!
You die...

######.......#####)#(
.........###.#.......
...).....# #.#.......
.........# #.#.......
.........# #.#####...
.........###.#......#
....[...............#
###############...###..#
#......@.....#....# #..#
.......O#####.#.#.......#
....... #.#.#..###.#
....... #.#'##.# .......
#......# !..... #......#
..... #......# ....
#......# . #.#..#.#


You could see an ogre.

Vanquished Creatures
  An orc priest (D:4)
  A giant frog skeleton (D:4)
  A centaur skeleton (D:4)
  A worker ant (D:4)
  An orc wizard (D:4)
  Robin (D:4)
  An adder (D:2)
  A giant mite (D:4)
  A giant gecko (D:1)
  3 orcs (D:4)
  12 goblins
  10 hobgoblins
  4 kobolds
  7 bats (D:1)
  4 giant cockroaches
  A giant newt (D:4)
  3 rats
53 creatures vanquished.

Notes
Turn   | Place    | Note
--------------------------------------------------------------
     0 | D:1      | Peloso, the Minotaur Fighter, began the quest for the Orb.
     0 | D:1      | Reached XP level 1. HP: 19/19 MP: 1/1
   194 | D:1      | Reached XP level 2. HP: 21/27 MP: 1/1
   402 | D:1      | Reached skill level 4 in Armour
  1009 | D:2      | Reached XP level 3. HP: 30/33 MP: 2/2
  1100 | D:2      | You fall through a shaft for 2 floors!
  1107 | D:4      | Reached XP level 4. HP: 25/40 MP: 2/2
  1171 | D:4      | Noticed Robin
  1183 | D:4      | Killed Robin
  1240 | D:4      | Found an ancient bone altar of Kikubaaqudgha.
  1293 | D:4      | Reached XP level 5. HP: 47/47 MP: 2/2
  1349 | D:4      | Reached skill level 5 in Armour
  1362 | D:4      | Reached skill level 1 in Dodging
  1585 | D:4      | Noticed an ogre
  1591 | D:4      | Slain by an ogre

Action                   |  1- 3 |  4- 6 || total
-------------------------+-------+-------++-------
Melee: Long sword        |    50 |    87 ||   137
  Eat: Chunk             |       |     2 ||     2
